AoeStats
← _Orca_

Black Forest

510248075Analyzed
4v4 RM · 23h ago on Sep 30, 2026· 36m 42s· 8 players
Game mode
Random Map
Map size
Large (8 player)
Population
200
Speed
Normal
Resources
Standard
Victory
Conquest
Starting age
Dark Age
Ending age
Imperial Age
RankedLock teamsTeams togetherTeam positionsShared explorationLock speedFull tech treeHidden civsTurbo modeCheats
Victory
Defeat
🇺🇸 Mongols · United States
1360
+15
🇺🇸 Japanese · United States
1359
+15
🇺🇸 Persians · United States
1326
+16
🇺🇸 Bohemians · United States
1263
+19
🇺🇸 Teutons · United States
1374
-18
🇲🇽 Mongols · Mexico
1329
-16
🇧🇩 Celts · Bangladesh
1318
-16
🇻🇳 Ethiopians · Vietnam
1297
-15
The Last Shadow
0:30 Loom
13:20 Feudal Age
13:25 Man-at-Arms
21:10 Double-Bit Axe
23:18 Town Watch
25:37 Horse Collar
31:00 Fletching
33:10 Castle Age
32:52 Padded Archer Armor
33:50 Bodkin Arrow
34:07 Crossbowman
35:27 Leather Archer Armor
35:33 Ballistics
Axel
12:01 Feudal Age
16:04 Castle Age
15:30 Double-Bit Axe
15:41 Horse Collar
17:21 Bow Saw
17:03 Fishing Lines
21:29 Heavy Plow
22:52 Wheelbarrow
22:07 Loom
24:52 Hand Cart
25:52 Town Watch
28:51 Imperial Age
26:29 Caravan
26:47 Fervor
28:23 Chemistry
27:53 Padded Archer Armor
28:56 Leather Archer Armor
30:10 Ring Archer Armor
30:17 Siege Engineers
32:51 Ballistics
35:51 Town Patrol
Zook
11:57 Feudal Age
15:19 Castle Age
13:08 Double-Bit Axe
18:59 Fishing Lines
20:06 Wheelbarrow
21:43 Horse Collar
22:16 Bow Saw
24:37 Gold Mining
26:36 Gold Shaft Mining
26:07 Heavy Plow
26:24 Hand Cart
26:08 Gillnets
27:40 Stone Mining
30:36 Imperial Age
28:48 Scale Barding Armor
28:53 Forging
29:47 Stone Shaft Mining
29:01 Loom
29:02 Town Watch
29:29 Devotion
30:12 Chain Barding Armor
31:12 Iron Casting
31:53 Bloodlines
31:43 Husbandry
32:05 Faith
31:48 Elite War Elephant
32:49 Conscription
34:33 Plate Barding Armor
34:58 Blast Furnace
34:38 Fletching
35:13 Ballistics
34:44 Heated Shot
35:04 Masonry
35:59 Chemistry
35:19 Ballistics
35:10 Masonry
Swix
0:45 Loom
11:34 Feudal Age
17:36 Fletching
19:47 Castle Age
19:11 Padded Archer Armor
19:00 Fishing Lines
19:19 Town Watch
19:24 Double-Bit Axe
24:46 Horse Collar
30:06 Bow Saw
32:12 Caravan
34:31 Wheelbarrow
37:01 Imperial Age
34:54 Town Patrol
34:58 Bodkin Arrow
35:54 Leather Archer Armor
36:10 Hand Cart
virttuallG
0:53 Loom
13:43 Feudal Age
16:35 Double-Bit Axe
19:34 Fletching
24:42 Castle Age
23:39 Stone Mining
27:29 Bodkin Arrow
30:33 Fishing Lines
31:15 Bow Saw
31:49 Wheelbarrow
34:49 Padded Archer Armor
34:11 Crossbowman
39:15 Imperial Age
pnduyphong
11:29 Feudal Age
14:37 Double-Bit Axe
17:13 Man-at-Arms
20:19 Castle Age
19:59 Gold Mining
30:23 Caravan
31:09 Wheelbarrow
30:38 Crossbowman
31:09 Fletching
_Orca_
3:37 Loom
12:05 Feudal Age
13:46 Double-Bit Axe
16:20 Castle Age
17:34 Bow Saw
20:34 Town Watch
20:35 Horse Collar
22:36 Wheelbarrow
23:03 Gold Mining
24:27 Scale Barding Armor
25:13 Hand Cart
26:47 Gold Shaft Mining
26:03 Stone Mining
29:27 Imperial Age
27:05 Pikeman
27:31 Gambesons
27:48 Scale Mail Armor
28:00 Forging
29:37 Onager
30:44 Chain Mail Armor
29:51 Halberdier
31:09 Conscription
31:30 Iron Casting
32:36 Furor Celtica
33:02 Hoardings
33:33 Plate Mail Armor
34:13 Capped Ram
37:36 Blast Furnace
neto_leo15
0:29 Loom
10:40 Feudal Age
15:56 Double-Bit Axe
16:04 Stone Mining
20:18 Castle Age
24:05 Fishing Lines
26:09 Gold Mining
27:33 Bow Saw
29:03 Fletching
Connection lost

Rejoining the realm…

Still unreachable

The connection could not be restored.

Session expired

The server has moved on; the page needs a fresh start.